 Dungeon Crawl Stone Soup version 0.24-a0-118-g3d66cf40a6 (webtiles) character file.

Game seed: 0

22 Maize the Chopper (level 2, 0/27 HPs)
             Began as a Minotaur Berserker on Feb 19, 2019.
             Was a Believer of Trog.
             Slain by an ooze (5 damage)
             ... on level 2 of the Dungeon on Mar 8, 2019.
             The game lasted 00:01:24 (393 turns).

Maize the Chopper (Minotaur Berserker)               Turns: 393, Time: 00:01:24

Health: 0/27       AC:  3    Str: 21    XL:     2   Next: 68%
Magic:  1/1        EV: 12    Int:  4    God:    Trog [**....]
Gold:   0          SH:  0    Dex:  9    Spells: 1/1 levels left

rFire    . . .     SeeInvis .   a - +0 hand axe
rCold    . . .     Gourm    .   (no shield)
rNeg     . . .     Faith    .   e - +0 leather armour
rPois    .         Spirit   .   (helmet restricted)
rElec    .         Reflect  .   (no cloak)
rCorr    .         Harm     .   (no gloves)
MR       .....                  (no boots)
Stlth    +.........             (no amulet)
HPRegen  0.09/turn              (no ring)
MPRegen  0.07/turn              (no ring)

@: no status effects
A: retaliatory headbutt, horns 2
a: Berserk, Trog's Hand, Renounce Religion


You were on level 2 of the Dungeon.
You worshipped Trog.
Trog was pleased with you.
You were not hungry.

You visited 1 branch of the dungeon, and saw 2 of its levels.

Inventory:

Hand Weapons
 a - a +0 hand axe (weapon)
Armour
 e - a +0 leather armour (worn)
Potions
 b - a potion of curing {unknown}
Comestibles
 c - 3 rations
 d - a chunk of flesh


   Skills:
 + Level 3.9 Fighting
 * Level 4.3 Axes
 + Level 2.8 Armour
 - Level 2.1 Dodging


You had one spell level left.
You didn't know any spells.
Your spell library was empty.

Dungeon Overview and Level Annotations

Branches:
Dungeon (2/15)

Altars:


Innate Abilities, Weirdness & Mutations

You reflexively headbutt those who attack you in melee.
You have a pair of horns on your head.


Message History

The giant cockroach bites you.
* * * LOW HITPOINT WARNING * * *
The ooze completely misses you.
The giant cockroach bites you but does no damage.
The ooze hits you but does no damage.
The giant cockroach bites you but does no damage.
The ooze hits you.
* * * LOW HITPOINT WARNING * * *
The giant cockroach barely misses you. The ooze closely misses you.
The giant cockroach misses you. The giant cockroach barely misses you.
The ooze closely misses you. You furiously retaliate!
You headbutt the ooze. The giant cockroach closely misses you.
The ooze completely misses you. You furiously retaliate!
You headbutt the ooze!
The giant cockroach bites you but does no damage.
The ooze hits you.
* * * LOW HITPOINT WARNING * * *
The giant cockroach bites you but does no damage.
The ooze hits you.
You die...

#[....
+.....
##....#
#.....+
#.....#
#.....#
#.Js# #..@#
#...########
#...........
##..####...#
...... #
#######


You could see an ooze and a giant cockroach.

Vanquished Creatures
  A giant cockroach (D:1)
  2 goblins (D:1)
  4 jackals (D:1)
  A kobold (D:1)
  2 frilled lizards (D:1)
  14 rats (D:1)
24 creatures vanquished.

Notes
Turn   | Place    | Note
-------+----------+-------------------------------------------
     0 | D:1      | Maize the Minotaur Berserker began the quest for the Orb.
     0 | D:1      | Reached XP level 1. HP: 19/19 MP: 0/0
    28 | D:1      | Reached skill level 4 in Axes
    30 | D:1      | Reached XP level 2. HP: 16/27 MP: 1/1
    74 | D:1      | Reached ** piety under Trog
   393 | D:2      | Slain by an ooze

Levels and vault maps discovered:
D:1:      erik_arrival_orb_chamber, layout_rooms
D:2:      kennysheep_six_static_rooms, layout_basic,
          nicolae_dithmenos_shadow_blocks, lemuel_crystal_altar,
          gammafunk_temple_overflow_claw

Skill      XL: |  1 |
---------------+----+-----
Axes           | 4 |  4.3
Fighting       | |  3.9
Armour         | |  2.8
Dodging        | |  2.1

Action                   || total
-------------------------++-------
Melee: Hand axe          ||    37
       Headbutt          ||     4
Invok: Berserk           ||     1
Armor: Animal skin       ||     1
       Leather armour    ||    14
Dodge: Dodged            ||    51

Table legend:
 A = Non-vault XP
 B = Vault XP
 C = Vault XP percentage of total XP
 D = Non-vault monster count
 E = Vault monster count
 F = Vault count percentage of total count
                 A         B        C        D         E       F
            +---------+---------+-------+---------+---------+-------
      Total |      20 |      12 |  37.5 |      12 |      12 |  50.0
            +---------+---------+-------+---------+---------+-------
        D:1 |      20 |      12 |  37.5 |      12 |      12 |  50.0
            +---------+---------+-------+---------+---------+-------
